Match 38521548
Unlisted

Match 38521548
End
Construct Section Command Post
Selects Australian Defense Battlegroup
Selects Australian Light Infantry Section
Australian Light Infantry Section
Australian Light Infantry Section
Australian Light Infantry Section
Construct Platoon Command Post
Humber Armored Car
Selects CMP 15cwt Supply Run
CMP 15cwt Supply Run
Humber Armored Car
Selects Defensive Tactics
6-pounder Anti-tank Gun Team
Construct Company Command Post
Selects Hold the Line!
Selects Reinforced Resource Caches
CMP 15cwt Supply Run
Crusader II Medium Tank
Construct Field Infirmary
Selects Archer Tank Destroyer
Crusader II Medium Tank
Royal Engineer Section
CMP 15cwt Supply Run
Foot Guards Section
Crusader II Medium Tank
Smash
SneaKerz
gb_gbg
arbif99
Hudfadern
affinity
0
0

Comments sign in to comment!

No comments posted yet!